 Dungeon Crawl Stone Soup version 0.29-a0-321-gf1c400731a (webtiles) character file.

Game seed: 2617000451142800124

20 esteth the Chopper (level 2, 0/29 HPs)
             Began as a Gnoll Wanderer on Apr 4, 2022.
             Slain by a gnoll
             ... wielding a +0 flail
              (13 damage)
             ... on level 1 of the Dungeon.
             The game lasted 00:00:55 (855 turns).

esteth the Chopper (Gnoll Wanderer)                  Turns: 855, Time: 00:00:56

Health: 0/29       AC:  3    Str: 11    XL:     2   Next: 79%
Magic:  2/2        EV: 12    Int: 10    God:
Gold:   80         SH:  0    Dex: 12    Spells: 2/2 levels left

rFire   . . .      SeeInvis .   a - +2 spear
rCold   . . .      Faith    .   (no shield)
rNeg    . . .      Spirit   .   e - +0 leather armour
rPois   .          Reflect  .   (no helmet)
rElec   .          Harm     .   (no cloak)
rCorr   .          Rampage  .   (no gloves)
Will    .....                   (no boots)
Stlth   +.........              (no amulet)
HPRegen 0.09/turn               (no ring)
MPRegen 0.08/turn               (no ring)

@: no status effects
A: fangs 1, strong nose, distributed training
a: no special abilities


You were on level 1 of the Dungeon.
You visited 1 branch of the dungeon, and saw 1 of its levels.

You collected 80 gold pieces.


Innate Abilities, Weirdness & Mutations

You have very sharp teeth.
Your uncanny sense of smell can sniff out nearby items.
Your experience applies equally to all skills.


   Skills:
 + Level 6.5 Fighting
 + Level 0.5 Short Blades
 + Level 0.5 Long Blades
 + Level 6.5 Axes
 + Level 0.5 Maces & Flails
 + Level 4.5 Polearms
 + Level 0.5 Staves
 + Level 0.5 Slings
 + Level 0.5 Bows
 + Level 0.5 Crossbows
 + Level 0.5 Throwing
 + Level 0.5 Armour
 + Level 2.5 Dodging
 + Level 0.5 Stealth
 + Level 0.5 Shields
 + Level 0.5 Unarmed Combat
 + Level 0.5 Spellcasting
 + Level 0.3 Conjurations
 + Level 0.3 Hexes
 + Level 0.3 Summonings
 + Level 0.3 Necromancy
 + Level 0.3 Translocations
 + Level 0.3 Transmutations
 + Level 0.3 Fire Magic
 + Level 0.3 Ice Magic
 + Level 0.3 Air Magic
 + Level 0.3 Earth Magic
 + Level 0.3 Poison Magic
 + Level 0.6 Invocations
 + Level 2.5 Evocations


You had 2 spell levels left.
You didn't know any spells.
Your spell library contained the following spells:

 Spells                   Type           Power      Damage    Failure   Level
 Sting                    Tmut/Pois      0%         1d3       38%         1
 Poisonous Vapours        Pois/Air       0%         N/A       54%         2
 Olgreb's Toxic Radiance  Pois           0%         N/A       99%         4

Inventory:

Hand Weapons
 a - a +2 spear (weapon)
 b - a +0 hand axe
Missiles
 h - 22 stones
Armour
 e - a +0 leather armour (worn)
 k - a +0 ring mail
   (You found it on level 1 of the Dungeon)
 n - a +0 chain mail
   (You found it on level 1 of the Dungeon)
 o - a +0 scale mail
   (You found it on level 1 of the Dungeon)
 p - a +0 scale mail
   (You found it on level 1 of the Dungeon)
 q - a +0 leather armour
   (You found it on level 1 of the Dungeon)
Wands
 c - a wand of flame (4) (quivered)
Scrolls
 f - 2 scrolls of teleportation {unknown}
 g - a scroll of enchant armour {unknown}
 l - 2 scrolls of holy word {unknown}
 m - a scroll of identify {unknown}
Potions
 d - 2 potions of curing {@q1}
 i - 2 potions of degeneration {unknown}
 j - a potion of might {unknown}

Dungeon Overview and Level Annotations

Branches:
Dungeon (1/15)

Altars:

∆
#....................##
#....................##
##...................##
#...................##
#.......##############
#.......##### #
#...........# #
#########...g.......#
######
............g@......#
##.<.##
##........#...#.....#
##.....#
..........#...#.....#
#.#8≈8#.
##........#...#.....#
#.#≈≈≈#.
#........#...#.....#
#.#8≈8#.
#######.##...#.....#
#.#≈≈≈#. #.##...#.....#
#.#8≈8#. #.##...##'####
##.....# #.# ###.###


You could see a gnoll and a goblin.


Message History

No target in view!
A frilled lizard comes into view. 😎 HP[+1]
Your hp is fully restored (29).
You reach to attack!
The helpless frilled lizard fails to defend itself.
You puncture the frilled lizard!
You kill the frilled lizard!
No target in view!
You see here a frilled lizard corpse.
You open the door.
There is an open door here.
You open the door.
There is an open door here.
You open the door.
There is an open door here.
You now have 77 gold pieces (gained 12).
There is an open door here.
A goblin comes into view. It is wielding a +0 club.
The goblin shouts!
You hit the goblin.
You kill the goblin!
No target in view!
You see here a +0 club.
You see here a +0 club.
As you open the door, it creaks loudly!
No target in view!
There is an open door here.
You see here a rat skeleton.
h - 22 stones (gained 18)
n - a +0 chain mail
o - a +0 scale mail You open the door.
There is an open door here.
i - 2 orange potions (gained 1)
A giant cockroach and a rat come into view.
You hit the rat but do no damage. The rat completely misses you.
You hit the rat.
You kill the rat!
You reach to attack!
You puncture the giant cockroach!
You kill the giant cockroach!
No target in view!
p - a +0 scale mail You see here a rat corpse.
You now have 80 gold pieces (gained 3).
q - a +0 leather armour You open the door.
A hobgoblin comes into view.
A bat comes into view.
The hobgoblin shouts!
There is an open door here.
You barely miss the hobgoblin. Your bite misses the hobgoblin.
The bat barely misses you. The hobgoblin barely misses you.
You closely miss the hobgoblin. The bat closely misses you.
The hobgoblin hits you but does no damage.
You completely miss the hobgoblin. The bat hits you.
You hit the hobgoblin. The bat barely misses you.
The hobgoblin closely misses you. 😕 HP[-1]
You take 1 damage, and now have 28/29 hp.
Unknown command.
You hit the hobgoblin.
You kill the hobgoblin!
The bat hits you. 😕 HP[-1]
You take 1 damage, and now have 27/29 hp.
You puncture the bat!
You kill the bat!
No target in view!
f - 2 scrolls labelled ONWAKE JIOSSAL (gained 1)
You see here a bat corpse.
There is an open door here.
Key pressed, stopping explore.
A goblin comes into view. It is wielding a +0 club. 😎 HP[+2]
Your hp is fully restored (29).
A gnoll comes into view. It is wielding a +0 flail.
You reach to attack!
The helpless gnoll fails to defend itself.
You hit the gnoll. You hit the gnoll.
The gnoll hits you with a +0 flail! 😮 HP[-12]
You take 12 damage, and now have 17/29 hp.
MASSIVE DAMAGE!! (PAUSE)
The goblin barely misses you. The goblin barely misses you.
The goblin hits you with a +0 club. 😮 HP[-1]
You take 1 damage, and now have 16/29 hp.
The gnoll attacks as you move away! The gnoll misses you.
The goblin attacks as you move away! The goblin barely misses you.
The goblin attacks as you move away! The goblin hits you with a +0 club.
* * * LOW HITPOINT WARNING * * *
The gnoll attacks as you move away! The gnoll closely misses you. 😨 HP[-2]
You take 2 damage, and now have 14/29 hp.
The goblin attacks as you move away! The goblin hits you with a +0 club.
* * * LOW HITPOINT WARNING * * *
The gnoll attacks as you move away! The gnoll hits you with a +0 flail!
You die...

Action                   || total
-------------------------++-------
Melee: Spear             ||    55
       Bite              ||     3
 Stab: Sleeping          ||     3
Armor: Leather armour    ||     3
Dodge: Dodged            ||    23

Levels and vault maps discovered:
D:1:      lightli_arrival_statue_moat, layout_basic

Notes
Turn   | Place    | Note
-------+----------+-------------------------------------------
     0 | D:1      | esteth the Gnoll Wanderer began the quest for the Orb.
     0 | D:1      | esteth set off with the following items: a +2 spear, a +0
                  | hand axe, a wand of flame (4), a potion of curing {@q1}, a
                  | +0 leather armour
     0 | D:1      | Reached XP level 1. HP: 23/23 MP: 1/1
     0 | D:1      | magus.rc [v1.11.3]
    32 | D:1      | You add the spells Sting, Poisonous Vapours and Olgreb's
                  | Toxic Radiance to your library.
   157 | D:1      | Reached XP level 2. HP: 26/29 MP: 2/2
   855 | D:1      | Slain by a gnoll

Vanquished Creatures
  An endoplasm (D:1)
  A giant cockroach (D:1)
  2 goblins (D:1)
  5 hobgoblins (D:1)
  2 kobolds (D:1)
  A quokka (D:1)
  2 ball pythons (D:1)
  A bat (D:1)
  2 frilled lizards (D:1)
  2 rats (D:1)
19 creatures vanquished.

Table legend:
 A = Non-vault XP
 B = Vault XP
 C = Vault XP percentage of total XP
 D = Non-vault monster count
 E = Vault monster count
 F = Vault count percentage of total count
                 A         B        C        D         E       F
            +---------+---------+-------+---------+---------+-------
      Total |      29 |       0 |   0.0 |      19 |       0 |   0.0
            +---------+---------+-------+---------+---------+-------
        D:1 |      29 |       0 |   0.0 |      19 |       0 |   0.0
            +---------+---------+-------+---------+---------+-------

Illustrated notes

Table legend:
 A = Kills in this place as a percentage of kills in entire the game.
 B = Kills by you in this place as a percentage of kills by you in the entire game.
 C = Kills by friends in this place as a percentage of kills by friends in the entire game.
 D = Other kills in this place as a percentage of other kills in the entire game.
 E = Experience gained in this place as a percentage of experience gained in the entire game.
 F = Experience gained in this place divided by the number of levels of this place that you have seen.
                   A       B       C       D       E      F
               +-------+-------+-------+-------+-------+----------------------
         Total | 100.0 | 100.0 |   N/A |   N/A | 100.0 |  29.0
       Dungeon | 100.0 | 100.0 |   N/A |   N/A | 100.0 |  29.0
               +-------+-------+-------+-------+-------+----------------------

Table legend: (Time is in decaauts)
 A = Elapsed time spent in this place.
 B = Non-inter-level travel time spent in this place.
 C = Inter-level travel time spent in this place.
 D = Time resting spent in this place.
 E = Time spent auto-exploring this place.
 F = Levels seen in this place.
 G = Mean time per level.
                   A        B        C        D        E       F      G
               +--------+--------+--------+--------+--------+-----+--------+
         Total |    848 |    848 |      0 |      0 |    732 |   1 |  848.0 |
       Dungeon |    848 |    848 |      0 |      0 |    732 |   1 |  848.0 |
               +--------+--------+--------+--------+--------+-----+--------+

Top non-repeatable levels by time:
     D:1: 848 daAuts
